 Dungeon Crawl Stone Soup version 0.31-a0-95-g6fa058ef04 (webtiles) character file.

Game seed: 17415979348889401832

28195 ytrimaz the Basher (level 13, -17/199 HPs)
             Began as an Ogre Berserker on May 25, 2023.
             Was a High Priest of Trog.
             Demolished by a +8 long sword (27 damage)
             ... on level 14 of the Dungeon.
             The game lasted 00:18:09 (16703 turns).

ytrimaz the Basher (Ogre Berserker)                Turns: 16703, Time: 00:18:09

Health: -17/199    AC: 17    Str: 33    XL:     13   Next: 37%
Magic:  13/13      EV:  9    Int:  5    God:    Trog [*****.]
Gold:   320        SH:  0    Dex:  8    Spells: 12/12 levels left

rFire   . . .        y - +7 great mace of the Crawling Thing {holy, Will- Str+5 Int-3 SInv}
rCold   . . .        (shield currently unavailable)
rNeg    . . .        K - +0 swamp dragon scales
rPois   +            (helmet restricted)
rElec   .            b - +0 cloak
rCorr   .            (gloves unavailable)
SInv    +            (boots unavailable)
Will    .....        r - amulet of faith Stlth
                     M - ring of flight
HPRegen 0.53/turn    L - +4 ring of protection
MPRegen 0.13/turn

%: faith
@: berserking, flying, very quick
A: large, unfitting armour, tough skin 1
a: Renounce Religion, Berserk, Trog's Hand, Brothers in Arms


You were on level 14 of the Dungeon.
You worshipped Trog.
Trog was extremely pleased with you.
You visited 2 branches of the dungeon, and saw 15 of its levels.

You collected 953 gold pieces.
You spent 633 gold pieces at shops.


Innate Abilities, Weirdness & Mutations

You are too large for most types of armour.
You have tough skin. (AC +1)


   Skills:
 - Level 10.0 Fighting
 * Level 14.9 Maces & Flails
 + Level 8.3 Throwing
 + Level 12.4 Armour
 - Level 2.6 Dodging


You had 12 spell levels left.
You didn't know any spells.
Your spell library was empty.

Inventory:

Hand Weapons
 m - a +2 mace of holy wrath
   (You took it off an orc on level 4 of the Dungeon)
 p - the +5 giant club "Pafoupru" {flame, Contam Drain rElec rF+++}
   (Trog gifted it to you on level 11 of the Dungeon)

   rF:        It renders you almost immune to fire.
   rElec:     It insulates you from electricity.
   Contam:    It causes magical contamination when unequipped.
   Drain:     It drains your maximum health when unequipped.
 y - the +7 great mace of the Crawling Thing (weapon) {holy, Will- Str+5 Int-3 SInv}
   (You acquired it on level 5 of the Dungeon)

   Str:       It affects your strength (+5).
   Int:       It affects your intelligence (-3).
   SInv:      It lets you see invisible.
   Will:      It decreases your willpower.
 C - a +0 dire flail
   (You took it off a two-headed ogre on level 6 of the Dungeon)
 D - a +0 giant spiked club
   (You took it off a two-headed ogre on level 6 of the Dungeon)
 R - the +4 giant club of Qysaz {heavy, rCorr}
   (Trog gifted it to you on level 11 of the Dungeon)

   rCorr:     It protects you from acid and corrosion.
Missiles
 d - a throwing net
 k - 6 atropa-tipped darts
 l - 102 poisoned darts
 n - 13 boomerangs (quivered)
 A - 4 large rocks
 F - 10 curare-tipped darts
Armour
 b - a +0 cloak (worn)
   (You found it on level 7 of the Dungeon)
 K - +0 swamp dragon scales (worn)
   (You took it off Maggie on level 9 of the Dungeon)
Jewellery
 h - a +6 ring of strength
   (You found it on level 1 of the Dungeon)
 r - an amulet of faith (around neck)
   (You found it on level 4 of the Dungeon)
 B - a ring of poison resistance
   (You found it on level 6 of the Dungeon)
 L - a +4 ring of protection (right hand)
   (You found it on level 11 of the Dungeon)
 M - a ring of flight (left hand)
   (You found it on level 10 of the Dungeon)
 S - a ring of resist corrosion
   (You found it on level 14 of the Dungeon)
Wands
 I - a wand of quicksilver (14)
   (You found it on level 9 of the Dungeon)
 J - a wand of polymorph (14)
   (You took it off Erolcha on level 9 of the Dungeon)
 Q - a wand of charming (7)
   (You found it on level 12 of the Dungeon)
Scrolls
 a - 5 scrolls of magic mapping
 i - 8 scrolls of teleportation
 q - a scroll of torment
 s - 3 scrolls of fog {unknown}
 x - 2 scrolls of silence
 z - 2 scrolls of immolation {unknown}
 E - 2 scrolls of enchant weapon
 G - 3 scrolls of noise {unknown}
 N - 2 scrolls of poison {unknown}
Potions
 c - 2 potions of berserk rage
 e - a potion of heal wounds
 f - a potion of enlightenment
 g - 3 potions of haste
 j - 2 potions of attraction
 t - 6 potions of curing
 u - 2 potions of might
 v - a potion of lignification
 w - a potion of magic {unknown}
 H - a potion of resistance
 O - 2 potions of brilliance
 P - 2 potions of cancellation

Dungeon Overview and Level Annotations

Branches:
Dungeon (14/15) Zot: 26382  Temple (0/1) D:5            Lair (0/5) D:10
    Orc (1/2) D:11 Zot: 5997
 Vaults: D:13-14

Altars:
Ashenzari
Elyvilon
Gozag
Kikubaaqudgha
Okawaru
Sif Muna
Uskayaw
Vehumet
Xom
Zin
Jiyva

Shops:
D:3 [   D:11 ![=?   D:12 (   D:13 *

Annotations:
D:4 2 runed translucent doors
D:8 2 transporters

#...##..#..#.##...##
#..................#
+..................#
#..................#
#..................#
##..................#
........)...........#
##......###..###(O.#########
#..OB..###.)###@###..#....##
.........#...#.......#......#
.........#...#.......+......#
.........#...#.......#......#
......J..#...#.......#......#
##..J.####.####..##..########
#..J. ##.####..##..###..>##
..... .........#..........#
.... .........#..........#


You could see a +8 long sword (ally target) and a friendly ogre (summoned,
berserk).


Message History

Your ogre barely misses the boulder beetle.
The +3 long sword closely misses you.
A slime creature comes into view.
The +3 long sword completely misses you.
The boulder beetle barely misses your ogre.
Your ogre hits the boulder beetle with a +0 giant club!!
You barely miss the +3 long sword. The +3 long sword hits you!
* * * LOW HITPOINT WARNING * * *
A slime creature comes into view. x2
The boulder beetle leaps! 😨 HP[-15]
You take 15 damage, and now have 53/133 hp.
You bludgeon the +3 long sword!! The +3 long sword hits you!!
* * * LOW HITPOINT WARNING * * *
A slime creature comes into view. x2
The +3 long sword hits you.
* * * LOW HITPOINT WARNING * * *
😱 HP[-24]
You take 24 damage, and now have 29/133 hp.
You closely miss the +3 long sword. The +3 long sword hits you!
* * * LOW HITPOINT WARNING * * *
😱 HP[-13]
You take 13 damage, and now have 16/133 hp.
Unknown command.
Okay, then.
You feel much better. The +8 long sword hits you!
* * * LOW HITPOINT WARNING * * *
The +3 long sword hits you but does no damage.
Two slime creatures merge to form a large slime creature.
Two slime creatures merge to form a very large slime creature.
The +3 long sword hits you!
* * * LOW HITPOINT WARNING * * *
The +8 long sword hits you but does no damage.
Your ogre hits the boulder beetle with a +0 giant club!! 😱 HP[+8]
You regained 8 hp, and now have 24/133 hp.
Blink to where?
Press: ? - help, Dir - move target
As you read the scroll of blinking, it crumbles to dust.
The boulder beetle bites your ogre!!
Your ogre hits the boulder beetle with a +0 giant club!
Blink to where?
Press: ? - help, Dir - move target
As you read the scroll of blinking, it crumbles to dust.
You hear a shout! 😱 HP[+1] 😱 HP[+1]
There is an open door here. 😱 HP[+1]
Something is blocking the doorway!
Your ogre goes berserk!
The +3 long sword hits you.
* * * LOW HITPOINT WARNING * * *
The +3 long sword hits you but does no damage. 😱 HP[-2]
You take 2 damage, and now have 25/133 hp.
Unknown command.
A red film seems to cover your vision as you go berserk!
You feel yourself moving faster!
You feel mighty! The +3 long sword hits you.
* * * LOW HITPOINT WARNING * * *
Your ogre barely misses the +3 long sword. 😱 HP[+8]
You now have 199 max hp (+66).
You regained 8 hp, and now have 33/199 hp.
Unknown command.
You miss the +3 long sword. The +3 long sword barely misses you.
You miss the +3 long sword.
Your ogre closely misses the +3 long sword.
The +3 long sword hits you but does no damage.
You barely miss the +3 long sword.
The +3 long sword completely misses you.
Your ogre misses the +3 long sword. 😱 HP[+1] Unknown command.
You barely miss the +3 long sword.
The +3 long sword hits you but does no damage.
You miss the +3 long sword.
Your ogre barely misses the +3 long sword.
The +3 long sword hits you.
* * * LOW HITPOINT WARNING * * *
😱 HP[-3]
You take 3 damage, and now have 31/199 hp.
You closely miss the +3 long sword. The +3 long sword hits you!
* * * LOW HITPOINT WARNING * * *
Your ogre hits the +3 long sword with a +0 giant club!!
The +3 long sword falls from the air.
Trog accepts your kill. 😱 HP[-8]
You take 8 damage, and now have 23/199 hp.
The +8 long sword hits you!
* * * LOW HITPOINT WARNING * * *
There is an open door here.
You see here a +3 long sword. 😱 HP[-14]
You take 14 damage, and now have 9/199 hp.
Unknown command.
You closely miss the +8 long sword. The +8 long sword barely misses you.
Your ogre barely misses the +8 long sword.
You hit the +8 long sword. The +8 long sword hits you!!
You die...

Skill      XL: |  1  2  3  4  5  6  7  8  9 10 11 12 13 |
---------------+----------------------------------------+-----
Maces & Flails | 3 4 5 6 7 9 11 12 14 | 14.9
Armour         | 1 2 3 4 6 7 10 11 12 | 12.4
Fighting       | 5 6 7 8 9 10 | 10.0
Throwing       | 2 5 7 8 |  8.3
Dodging        | |  2.6

Action                     |  1- 3 |  4- 6 |  7- 9 | 10-12 | 13-15 || total
---------------------------+-------+-------+-------+-------+-------++-------
  Melee: Mace              |   114 |   137 |    84 |       |       ||   335
         Punch             |     1 |     2 |     1 |       |       ||     4
         Great mace        |       |       |   119 |   526 |    83 ||   728
  Throw: Boomerang         |       |       |       |       |     4 ||     4
 Invoke: Berserk           |       |     2 |     4 |     5 |     2 ||    13
         Trog's Hand       |       |     1 |     2 |     7 |       ||    10
         Brothers in Arms  |       |       |       |     5 |     2 ||     7
    Use: Scroll            |     3 |       |     6 |     8 |     2 ||    19
         Potion            |       |       |       |     4 |     1 ||     5
 Armour: Animal skin       |    44 |    30 |    16 |       |       ||    90
         Steam dragon scal |       |       |    55 |    89 |       ||   144
         Swamp dragon scal |       |       |       |   406 |    34 ||   440
  Dodge: Dodged            |    90 |    55 |   141 |   459 |    29 ||   774

Levels and vault maps discovered:
D:1:      giann_bridges, layout_loops_corners,
          hellmonk_ecumenical_altar_zigzags, chequers_arboretum
D:2:      layout_basic
D:3:      layout_basic, mainiacjoe_overflow_tiny_flanked, serial_shops,
          nicolae_shop_waterfront
D:4:      layout_loops_corners, kennysheep_mini, evilmike_ruin_ashenzari,
          lemuel_blue_sif_altar, jmf_multi_god_temple2, uniq_sigmund
D:5:      layout_rooms, minmay_temple_entry_hall, minmay_ruined_shrine
D:6:      layout_loops_ring, zin_purify, uniq_menkaure
D:7:      layout_basic
D:8:      gammafunk_jiyva_shrine, layout_rooms, nicolae_vehumet_altar_sigil,
          lemuel_coloured_pillars_altar, mainiacjoe_overflow_six_doors_small
D:9:      layout_long_grid, mainiacjoe_overflow_concentric_impassable,
          uniq_erolcha, uniq_joseph, uniq_maggie
D:10:     layout_basic, nicolae_uskayaw_murder_on_the_dancefloor,
          erik_lair_island, uniq_snorg, uniq_psyche
D:11:     wander_kiku_kobolds, layout_basic, zombieorc2_lemuel, serial_shops,
          shop, nicolae_square_shop, shop, shop,
          hangedman_abyss_or_decor_stagger
D:12:     layout_roguey, serial_shops, shop, kennysheep_generic_room_5
D:13:     layout_long_grid, nicolae_island_escapes
D:14:     layout_gridville, erik_vaults_1, serial_shops, shop,
          eino_house_with_fridge
Orc:1:    layout_caves, uniq_jorgrun

Notes
Turn   | Place    | Note
-------+----------+-------------------------------------------
     0 | D:1      | ytrimaz the Ogre Berserker began the quest for the Orb.
     0 | D:1      | Reached XP level 1. HP: 24/24 MP: 1/1
     0 | D:1      | magus.rc [v1.9.6]
   124 | D:1      | Reached skill level 3 in Maces & Flails
   159 | D:1      | Reached XP level 2. HP: 32/32 MP: 2/2
   578 | D:1      | Found a faded altar of an unknown god.
   781 | D:1      | Reached XP level 3. HP: 40/40 MP: 3/3
   885 | D:1      | Reached ** piety under Trog
  1039 | D:1      | Identified a scroll of acquirement
  1039 | D:1      | Acquired a manual of Armour
  1491 | D:2      | Reached XP level 4. HP: 49/49 MP: 4/4
  2099 | D:3      | Reached skill level 1 in Armour
  2481 | D:3      | Found Husemp's Armour Boutique.
  2514 | D:3      | Reached skill level 5 in Fighting
  2514 | D:3      | Reached skill level 4 in Maces & Flails
  2671 | D:3      | Found a white marble altar of Elyvilon.
  2927 | D:4      | Reached XP level 5. HP: 24/57 MP: 5/5
  3057 | D:4      | Noticed Sigmund
  3064 | D:4      | Killed Sigmund
  3065 | D:4      | Reached skill level 2 in Armour
  3065 | D:4      | Reached XP level 6. HP: 67/67 MP: 6/6
  3131 | D:4      | Found a shimmering altar of Xom.
  3150 | D:4      | Found a large runed translucent door.
  3150 | D:4      | Found a large runed translucent door.
  3241 | D:4      | Found a broken altar of Ashenzari.
  3317 | D:4      | Reached skill level 5 in Maces & Flails
  3323 | D:4      | Reached skill level 3 in Armour
  3556 | D:4      | Reached skill level 6 in Fighting
  3929 | D:4      | Reached XP level 7. HP: 75/75 MP: 7/7
  4127 | D:4      | Found a shimmering blue altar of Sif Muna.
  4271 | D:5      | Entered Level 5 of the Dungeon
  4411 | D:5      | HP: 17/114 [ice beast (12)]
  4413 | D:5      | HP: 7/114 [ice beast (9)]
  4415 | D:5      | Reached skill level 6 in Maces & Flails
  4415 | D:5      | Reached skill level 4 in Armour
  4418 | D:5      | HP: 5/114 [hound (3)]
  4422 | D:5      | HP: 1/114 [orc/+0 dagger (3)]
  4702 | D:5      | Noticed a steam dragon
  4718 | D:5      | Killed a steam dragon
  4719 | D:5      | Reached skill level 7 in Fighting
  4719 | D:5      | Reached XP level 8. HP: 87/87 MP: 8/8
  5093 | D:5      | Reached *** piety under Trog
  5115 | D:5      | Reached skill level 5 in Armour
  5150 | D:5      | Found a staircase to the Ecumenical Temple.
  5200 | D:5      | Found a broken altar of Ashenzari.
  5435 | D:5      | Acquired the +7 great mace of the Crawling Thing {holy,
                  | Will- Str+5 Int-3 SInv}
  5571 | D:6      | Reached skill level 7 in Maces & Flails
  5637 | D:6      | Reached skill level 8 in Fighting
  5918 | D:6      | Reached skill level 6 in Armour
  6031 | D:6      | Reached XP level 9. HP: 86/97 MP: 9/9
  6042 | D:6      | Reached skill level 8 in Maces & Flails
  6283 | D:6      | Found Zin's Purification Station.
  6286 | D:6      | Found a glowing silver altar of Zin.
  6305 | D:6      | Noticed Menkaure
  6308 | D:6      | Killed Menkaure
  6327 | D:6      | Bought a potion of curing for 90 gold pieces
  6382 | D:6      | HP: 24/97 [gnoll/+0 spear[a gnoll bouda] (2)]
  6383 | D:6      | Reached **** piety under Trog
  6387 | D:6      | HP: 21/97 [gnoll/+0 spear[a gnoll bouda] (5)]
  6392 | D:6      | HP: 23/97 [gnoll/+0 spear[a gnoll bouda] (3)]
  6570 | D:6      | Noticed a two-headed ogre
  6579 | D:6      | Killed a two-headed ogre
  6580 | D:6      | Reached skill level 9 in Fighting
  6580 | D:6      | Reached skill level 7 in Armour
  6662 | D:6      | Reached skill level 9 in Maces & Flails
  7196 | D:7      | Reached XP level 10. HP: 82/110 MP: 10/10
  7200 | D:7      | Reached skill level 10 in Fighting
  7320 | D:7      | Reached skill level 8 in Armour
  7361 | D:7      | Identified the +8 tower shield of Doybyam {Int-2 Dex+4}
  8016 | D:7      | Reached skill level 10 in Maces & Flails
  8150 | D:8      | Found a radiant altar of Vehumet.
  8189 | D:8      | Reached skill level 9 in Armour
  8403 | D:8      | Found an ancient bone altar of Kikubaaqudgha.
  8455 | D:8      | Found a transporter.
  8531 | D:8      | Found a viscous altar of Jiyva.
  8531 | D:8      | Found a transporter.
  8531 | D:8      | Noticed a glowing orange brain
  8640 | D:8      | Found an iron altar of Okawaru.
  8777 | D:9      | Reached skill level 1 in Throwing
  8791 | D:9      | Reached skill level 11 in Maces & Flails
  9028 | D:9      | Noticed Maggie
  9032 | D:9      | Killed Maggie
  9032 | D:9      | Reached ***** piety under Trog
  9032 | D:9      | Noticed Erolcha
  9033 | D:9      | Reached skill level 2 in Throwing
  9042 | D:9      | Killed Erolcha
  9043 | D:9      | Reached skill level 10 in Armour
  9043 | D:9      | Reached XP level 11. HP: 117/117 MP: 11/11
  9093 | D:9      | Found an opulent altar of Gozag.
  9093 | D:9      | Noticed a two-headed ogre
  9105 | D:9      | Reached skill level 3 in Throwing
  9125 | D:9      | Killed a two-headed ogre
  9320 | D:9      | Noticed Joseph
  9342 | D:9      | Killed Joseph
  9929 | D:10     | Entered Level 10 of the Dungeon
 10040 | D:10     | Found a hide-covered altar of Uskayaw.
 10055 | D:10     | Noticed Snorg
 10063 | D:10     | Killed Snorg
 10064 | D:10     | Reached skill level 12 in Maces & Flails
 10064 | D:10     | Reached skill level 4 in Throwing
 10204 | D:10     | Noticed a two-headed ogre
 10223 | D:10     | Killed a two-headed ogre
 10295 | D:10     | Found a staircase to the Lair.
 11033 | D:10     | Noticed Psyche
 11041 | D:10     | Killed Psyche
 11042 | D:10     | Reached skill level 11 in Armour
 11136 | D:11     | Noticed a brown ugly thing
 11143 | D:11     | Killed a brown ugly thing
 11147 | D:11     | Reached skill level 5 in Throwing
 11248 | D:11     | Found a staircase to the Orcish Mines.
 11291 | D:11     | Identified the +5 giant club "Pafoupru" {flame, Contam
                  | Drain rElec rF+++} (Trog gifted it to you on level 11 of
                  | the Dungeon)
 11291 | D:11     | Received a gift from Trog
 11370 | D:11     | Reached XP level 12. HP: 70/126 MP: 12/12
 11525 | D:11     | Found Qoevuh's Magic Scroll Emporium.
 11535 | D:11     | Bought a scroll of identify for 34 gold pieces
 11535 | D:11     | Bought a scroll of identify for 34 gold pieces
 11535 | D:11     | Bought a scroll of silence for 161 gold pieces
 11535 | D:11     | Bought a scroll of magic mapping for 127 gold pieces
 11716 | D:11     | Noticed a two-headed ogre
 11726 | D:11     | Killed a two-headed ogre
 11727 | D:11     | Reached skill level 13 in Maces & Flails
 11967 | D:11     | Found Taesa's Distillery.
 11975 | D:11     | Bought a potion of lignification for 51 gold pieces
 11975 | D:11     | Bought a potion of cancellation for 136 gold pieces
 12011 | D:11     | Found Neuvuera's Jewellery Shoppe.
 12017 | D:11     | Identified the +9 hand axe of the Fool {drain, rElec rF+}
 12136 | D:11     | Found Nexeha's Antique Armour Shoppe.
 12520 | D:11     | Found an ancient bone altar of Kikubaaqudgha.
 12553 | D:11     | Identified the +4 giant club of Qysaz {heavy, rCorr} (Trog
                  | gifted it to you on level 11 of the Dungeon)
 12553 | D:11     | Received a gift from Trog
 12730 | Orc:1    | Entered Level 1 of the Orcish Mines
 12796 | D:12     | Found Tystet's Antique Weapon Emporium.
 12824 | D:12     | Reached skill level 6 in Throwing
 13211 | D:12     | Noticed a centaur warrior
 13230 | D:12     | HP: 31/126 [troll (9)]
 13232 | D:12     | Killed a centaur warrior
 14214 | D:12     | Reached skill level 7 in Throwing
 14217 | D:12     | Reached skill level 14 in Maces & Flails
 14225 | D:12     | Reached skill level 12 in Armour
 14512 | D:12     | HP: 31/126 [meliai/+3 war axe (3)]
 14513 | D:12     | HP: 15/126 [meliai/+3 war axe (1)]
 14660 | D:13     | Noticed a five-headed hydra
 14925 | D:13     | Killed a seven-headed hydra
 14926 | D:13     | Reached XP level 13. HP: 104/133 MP: 13/13
 15643 | D:13     | Here: a skeletal warrior, wielding the +8 demon blade
                  | "Leech" {evervamp, Harm Drain rN+} (severely damaged)
 15811 | D:13     | Reached skill level 8 in Throwing
 16044 | D:13     | Found Voshug's Island Escapes.
 16683 | D:14     | HP: 33/133 [+3 long sword (20)]
 16684 | D:14     | HP: 16/133 [+3 long sword (14)]
 16693 | D:14     | HP: 25/133 [+3 long sword (2)]
 16699 | D:14     | HP: 31/199 [+3 long sword (3)]
 16701 | D:14     | HP: 9/199 [+8 long sword (14)]
 16703 | D:14     | Demolished by a +8 long sword

Vanquished Creatures
  Snorg (D:10)
  Erolcha (D:9)
  A hydra (D:13)
  A centaur warrior (D:12)
  A death knight (D:13)
  3 two-headed ogres
  2 skeletal warriors
  A deep elf pyromancer (D:14)
  A manticore (D:13)
  An orc knight (D:12)
  3 ugly things
  A cyclops (D:14)
  Joseph (D:9)
  Maggie (D:9)
  An unseen horror (D:12)
  Psyche (D:10)
  2 gargoyles (D:12)
  3 kobold demonologists
  A freezing wraith (D:13)
  2 komodo dragons (D:12)
  7 trolls
  2 meliai (D:12)
  A hornet (D:8)
  6 slime creatures
  Sigmund (D:4)
  3 yaks (D:11)
  2 wraiths
  2 wyverns (D:10)
  5 steam dragons
  9 vampire mosquitoes
  Menkaure (D:6)
  An acid dragon (D:12)
  2 water moccasins
  2 sky beasts
  3 orc warriors
  3 ice beasts
  A black bear (D:6)
  7 centaurs
  A wolf (D:10)
  2 ogres
  4 phantoms
  19 kobold brigands
  4 bullfrogs
  5 scorpions
  9 wights (D:9)
  A troll zombie (D:11)
  8 howler monkeys
  3 electric eels (D:10)
  9 hounds
  3 jellies
  7 orc priests
  2 gnoll boudas (D:6)
  7 iguanas
  8 orc wizards
  7 ogre zombies (D:11)
  14 gnolls
  8 adders
  2 shadow imps (D:11)
  A white imp (D:5)
  3 ufetubi
  A worm (D:3)
  2 dart slugs
  35 orcs
  5 ball pythons
  4 endoplasms (D:1)
  4 giant cockroaches
  8 goblins
  7 hobgoblins
  9 jackals
  38 kobolds
  3 quokkas
  2 bats
  3 frilled lizards
  2 goblin skeletons (D:11)
  2 goblin zombies (D:11)
  2 hobgoblin skeletons (D:11)
  A hobgoblin zombie (D:11)
  9 kobold skeletons (D:11)
  9 kobold zombies (D:11)
  An orc skeleton (D:11)
  17 orc zombies (D:11)
  5 rats
383 creatures vanquished.

Vanquished Creatures (collateral kills)
  A dancing weapon (D:14)
  A two-headed ogre (D:10)
  A manticore (D:13)
  An efreet (D:13)
  A meliai (D:12)
  4 slime creatures (D:12)
  5 yaks (D:8)
  A wolf (D:10)
  A centaur (D:8)
  A hound (D:10)
  2 orc wizards (D:10)
  2 orcs
21 creatures vanquished.

Vanquished Creatures (others)
  An orc wizard (D:7)
1 creature vanquished.

Grand Total: 405 creatures vanquished

Table legend:
 A = Non-vault XP
 B = Vault XP
 C = Vault XP percentage of total XP
 D = Non-vault monster count
 E = Vault monster count
 F = Vault count percentage of total count
                 A         B        C        D         E       F
            +---------+---------+-------+---------+---------+-------
      Total |   31948 |    8331 |  20.7 |     288 |     115 |  28.5
            +---------+---------+-------+---------+---------+-------
        D:1 |      46 |       0 |   0.0 |      27 |       0 |   0.0
        D:2 |      43 |       0 |   0.0 |      11 |       0 |   0.0
        D:3 |      67 |       0 |   0.0 |      11 |       0 |   0.0
        D:4 |     266 |     214 |  44.6 |      23 |       1 |   4.2
        D:5 |     608 |     388 |  39.0 |      12 |       8 |  40.0
        D:6 |    2474 |     172 |   6.5 |      35 |       1 |   2.8
        D:7 |    1258 |       0 |   0.0 |      26 |       0 |   0.0
        D:8 |    2155 |       0 |   0.0 |      19 |       0 |   0.0
        D:9 |    2376 |    1745 |  42.3 |      31 |       3 |   8.8
       D:10 |    1944 |    2118 |  52.1 |      17 |      11 |  39.3
       D:11 |    2837 |    2022 |  41.6 |      16 |      87 |  84.5
       D:12 |    9841 |     845 |   7.9 |      41 |       3 |   6.8
       D:13 |    6222 |       0 |   0.0 |      14 |       0 |   0.0
       D:14 |    1811 |     827 |  31.3 |       5 |       1 |  16.7
            +---------+---------+-------+---------+---------+-------

Skill      XL: |  1  2  3  4  5  6  7  8  9 10 11 12 13 |
---------------+----------------------------------------+-----
Maces & Flails | 3 4 5 6 7 9 11 12 14 | 14.9
Armour         | 1 2 3 4 6 7 10 11 12 | 12.4
Fighting       | 5 6 7 8 9 10 | 10.0
Throwing       | 2 5 7 8 |  8.3
Dodging        | |  2.6

Action                     |  1- 3 |  4- 6 |  7- 9 | 10-12 | 13-15 || total
---------------------------+-------+-------+-------+-------+-------++-------
  Melee: Mace              |   114 |   137 |    84 |       |       ||   335
         Punch             |     1 |     2 |     1 |       |       ||     4
         Great mace        |       |       |   119 |   526 |    83 ||   728
  Throw: Boomerang         |       |       |       |       |     4 ||     4
 Invoke: Berserk           |       |     2 |     4 |     5 |     2 ||    13
         Trog's Hand       |       |     1 |     2 |     7 |       ||    10
         Brothers in Arms  |       |       |       |     5 |     2 ||     7
    Use: Scroll            |     3 |       |     6 |     8 |     2 ||    19
         Potion            |       |       |       |     4 |     1 ||     5
 Armour: Animal skin       |    44 |    30 |    16 |       |       ||    90
         Steam dragon scal |       |       |    55 |    89 |       ||   144
         Swamp dragon scal |       |       |       |   406 |    34 ||   440
  Dodge: Dodged            |    90 |    55 |   141 |   459 |    29 ||   774

Illustrated notes

Table legend:
 A = Kills in this place as a percentage of kills in the entire game.
 B = Kills by you in this place as a percentage of kills by you in the entire game.
 C = Kills by friends in this place as a percentage of kills by friends in the entire game.
 D = Other kills in this place as a percentage of other kills in the entire game.
 E = Experience gained in this place as a percentage of experience gained in the entire game.
 F = Experience gained in this place divided by the number of levels of this place that you have seen.
                   A       B       C       D       E      F
               +-------+-------+-------+-------+-------+----------------------
         Total | 100.0 | 100.0 | 100.0 |   N/A | 100.0 | 2685.3
       Dungeon | 100.0 | 100.0 | 100.0 |   N/A | 100.0 | 2877.1
               +-------+-------+-------+-------+-------+----------------------

Table legend: (Time is in decaauts)
 A = Elapsed time spent in this place.
 B = Non-inter-level travel time spent in this place.
 C = Inter-level travel time spent in this place.
 D = Time resting spent in this place.
 E = Time spent auto-exploring this place.
 F = Levels seen in this place.
 G = Mean time per level.
                   A        B        C        D        E       F      G
               +--------+--------+--------+--------+--------+-----+--------+
         Total |  16954 |  16518 |    436 |   1809 |  11907 |  15 | 1130.3 |
       Dungeon |  16952 |  16516 |    436 |   1809 |  11907 |  14 | 1210.9 |
  Orcish Mines |      2 |      2 |      0 |      0 |      0 |   1 |    2.0 |
               +--------+--------+--------+--------+--------+-----+--------+

Top non-repeatable levels by time:
    D:12: 2420 daAuts
    D:11: 1707 daAuts
     D:6: 1643 daAuts
     D:4: 1389 daAuts
     D:5: 1321 daAuts
    D:10: 1197 daAuts
     D:9: 1188 daAuts
    D:13: 1135 daAuts
     D:1: 1076 daAuts
     D:2: 1005 daAuts
     D:7: 955 daAuts
     D:3: 870 daAuts
     D:8: 665 daAuts
    D:14: 376 daAuts
   Orc:1: 2 daAuts
